AoeStats
← Octavio

Arabia

510525518Analyzed
1v1 RM · 1d ago on Oct 1, 2026· 40m 3s· 2 players
Game mode
Random Map
Map size
Tiny (2 player)
Population
200
Speed
Normal
Resources
Standard
Victory
Conquest
Starting age
Dark Age
Ending age
Imperial Age
RankedLock teamsTeams togetherTeam positionsShared explorationLock speedFull tech treeHidden civsTurbo modeCheats
Victory
Defeat
🇨🇿 Ethiopians · Czechia
626
+16
🇦🇷 Romans · Argentina
620
-16
Octavio
16:14 Feudal Age
18:35 Feudal Age
19:17 Double-Bit Axe
19:18 Man-at-Arms
21:18 Horse Collar
23:54 Gold Mining
28:18 Castle Age
27:01 Bloodlines
30:21 Light Cavalry
31:27 Husbandry
39:00 Gold Shaft Mining
Vincek
11:04 Feudal Age
11:34 Double-Bit Axe
12:38 Arson
12:17 Man-at-Arms
17:50 Fletching
18:01 Padded Archer Armor
19:03 Horse Collar
21:05 Loom
23:39 Wheelbarrow
28:17 Castle Age
28:30 Crossbowman
29:15 Thumb Ring
29:09 Bodkin Arrow
30:36 Squires
31:39 Town Watch
32:02 Stone Mining
32:03 Gold Mining
34:22 Scale Mail Armor
36:26 Leather Archer Armor
36:22 Forging
Connection lost

Rejoining the realm…

Still unreachable

The connection could not be restored.

Session expired

The server has moved on; the page needs a fresh start.